[Event "Late-Titled-Tuesday-Blitz-February-20-2024"]
[Site "Chess.com"]
[Date "2024.02.20"]
[Round "7"]
[White "GMRAVEN_ON_YOUTUBE"]
[Black "zverr1"]
[Result "0-1"]
[WhiteElo "2745"]
[BlackElo "2578"]
[TimeControl "180+1"]
[EndTime "15:17:45 PST"]
[Termination "zverr1 won on time"]

1. f4 c6 2. Nf3 d5 3. e3 g6 4. d4 Bg7 5. c4 Nf6 6. Nc3 O-O 7. Be2 a6 8. O-O b5 9. c5 a5 10. Ne5 Ne4 11. Bf3 f5 12. Nxe4 fxe4 13. Bg4 Bf5 14. Bd2 Qc8 15. Be2 Nd7 16. Ng4 Nf6 17. Nf2 Be6 18. Kh1 Kh8 19. Rg1 Ng8 20. g4 g5 21. Nh3 gxf4 22. exf4 Bxd4 23. Bc3 Bf6 24. f5 Bd7 25. Nf4 Qe8 26. g5 Bxc3 27. bxc3 Bxf5 28. Qd4+ e5 29. Qe3 exf4 30. Qd4+ Nf6 31. gxf6 Qf7 32. Rg5 Bg6 33. Re5 Qxf6 34. Rf1 Kg8 35. Bg4 Rae8 36. Rxe8 Bxe8 37. Qg1 Bg6 38. Bd7 Rd8 39. Qg4 Rf8 40.
h4 Kh8 41. h5 Bf5 42. Bxf5 Qxf5 43. Qh4 f3 44. h6 Qf6 45. Qh3 Qf5 46. Qh4 Qf6 47. Qh3 e3 48. Kh2 e2 49. Rg1 f2 0-1

[Event "Late-Titled-Tuesday-Blitz-February-20-2024"]
[Site "Chess.com"]
[Date "2024.02.20"]
[Round "7"]
[White "ArchibaldCerveza29"]
[Black "campochess"]
[Result "1-0"]
[WhiteElo "2436"]
[BlackElo "2160"]
[TimeControl "180+1"]
[EndTime "15:17:48 PST"]
[Termination "ArchibaldCerveza29 won on time"]

1. e4 c5 2. Nf3 Nc6 3. Bb5 e5 4. O-O Bd6 5. Re1 Nge7 6. a4 O-O 7. Nc3 a6 8. Bc4 Nd4 9. d3 Nec6 10. Nd5 Nxf3+ 11.
Qxf3 Nd4 12. Qd1 Rb8 13. c3 Ne6 14. Qh5 Be7 15. a5 d6 16. f4 exf4 17. Nxf4 g6 18. Qf3 Ng7 19. Rf1 Kh8 20. Bd2 f5 21. Qh3 Qe8 22. Qf3 fxe4 23. Qxe4 Bf5 24. Qe2 Bf6 25. Rae1 Qxe2 26. Rxe2 Rfe8 27. Rfe1 Rxe2 28. Rxe2 Re8 29.
Rxe8+ Nxe8 30. Bd5 Bd8 31. b4 cxb4 32. cxb4 Bc8 33.
Bf7 Nf6 34. Nd5 Nxd5 35. Bxd5 Bf6 36. Kf2 Kg7 37. Kf3 Be5 38. h3 Kf6 39. g4 g5 40.
Ke4 h5 41. gxh5 Bxh3 42. Kf3 Bc8 43. Be4 Bh2 44. h6 Be5 45. h7 Kg7 46. Bxg5 Bc3 47. Bd8 d5 48. Bxd5 Kxh7 49. Be7 Kg6 50. Ke4 Bf5+ 51. Ke3 Bc8 52. Bc5 Kf5 53. d4 Be1 54. Kd3 1-0

[Event "Late-Titled-Tuesday-Blitz-February-20-2024"]
[Site "Chess.com"]
[Date "2024.02.20"]
[Round "7"]
[White "lucliasco"]
[Black "NikoTheodorou"]
[Result "0-1"]
[WhiteElo "2879"]
[BlackElo "3062"]
[TimeControl "180+1"]
[EndTime "15:17:49 PST"]
[Termination "NikoTheodorou won by resignation"]

1. e4 c5 2. Nc3 Nc6 3. Bb5 g6 4. Bxc6 bxc6 5. d3 Bg7 6. f4 d6 7.
Nge2 f5 8. O-O Nf6 9. Be3 O-O 10. h3 Rb8 11. b3 Ba6 12. Rb1 fxe4 13. Nxe4 Qd7 14. Qd2 Nxe4 15. dxe4 Qe6 16. e5 Rbd8 17. c4 g5 18. Qc2 gxf4 19. Nxf4 Qxe5 20. Rbe1 Bc8 21.
Kh1 Bf5 22. Qd2 Be4 23. Bg1 Qf5 24. Qe3 d5 25. cxd5 cxd5 26. Qg3 Kh8 27. Bxc5 Be5 28. Bxe7 Bxf4 29. Rxf4 Qxf4 30. Qxf4 Rxf4 31. Bxd8 Rf2 32. Rg1 Rxa2 33. Kh2 Kg7 34. Kg3 Ra3 35. Kf4 Rxb3 36. Ra1 Rb7 37. g4 Bg6 38. g5 Kf7 39. Ke5 d4 40. Ba5 d3 41. Bd2 Re7+ 42. Kd4 Rd7+ 43. Ke3 Ke6 44. Kf2 Kd5 45. Be3 Rf7+ 46. Ke1 Ke4 47. Kd2 Rc7 48. Ra4+ Kf3 49. Rf4+ Kg3 50. Rd4 Kxh3 51. Ra4 Kg2 52. Rxa7 Rc2+ 53. Kd1 Bh5+ 54.
Ke1 Re2+ 55. Kd1 Rxe3+ 56. Kd2 0-1

[Event "Late-Titled-Tuesday-Blitz-February-20-2024"]
[Site "Chess.com"]
[Date "2024.02.20"]
[Round "7"]
[White "Inepton_Fermion"]
[Black "HajiyevKanan"]
[Result "1-0"]
[WhiteElo "2395"]
[BlackElo "2484"]
[TimeControl "180+1"]
[EndTime "15:17:50 PST"]
[Termination "Inepton_Fermion won by resignation"]

1. Nf3 d5 2. b3 Nf6 3. Bb2 g6 4. c4 Bg7 5. cxd5 O-O 6. g3 Qxd5 7. Bg2 Qh5 8. h3 Nc6 9. Nc3 Rd8 10. d3 Nd5 11.
Qc1 Qh6 12. Qxh6 Bxh6 13. Nxd5 Rxd5 14. d4 Rd8 15. e3 Bf5 16. O-O Bg7 17. Rac1 Rac8 18.
Nd2 Nb4 19. Bxb7 Bxh3 20. Bxc8 Bxf1 21. Rxc7 Be2 22. Bh3 e5 23. Rxa7 exd4 24. exd4 Nc6 25. Rd7 Rxd7 26. Bxd7 Nxd4 27. Kg2 Kf8 28. Bc8 Bd1 29.
Bb7 Ke7 30. Nf3 Nxf3 31. Ba3+ Kd7 32. Bxf3 Bc2 33. Bd5 f5 34. Bg8 h5 35. Bb4 g5 36.
a4 Bb2 37. a5 Kc6 38. Bc4 Kb7 39. a6+ Kb6 40. Bd2 f4 41. gxf4 gxf4 42. Bxf4 Be4+ 43.
f3 Bc6 44. Be3+ Kc7 45. a7 Kb7 46. Bd3 Be5 47. Be4 Bxe4 48. fxe4 Bc7 49. Kh3 Be5 50. Kh4 Ka8 51. Kxh5 Bc3 52. Kg6 Be5 53. Kf5 Bc7 54. e5 Kb7 55. e6 Bd8 56. Kg6 Bb6 57. Bxb6 Kxb6 58. a8=Q 1-0

[Event "Late-Titled-Tuesday-Blitz-February-20-2024"]
[Site "Chess.com"]
[Date "2024.02.20"]
[Round "7"]
[White "ContrVersia"]
[Black "platy3"]
[Result "0-1"]
[WhiteElo "2861"]
[BlackElo "2959"]
[TimeControl "180+1"]
[EndTime "15:17:54 PST"]
[Termination "platy3 won on time"]

1. Nf3 d5 2. c4 e6 3. g3 d4 4. Bg2 Nc6 5. e3 Nh6 6. exd4 Nxd4 7.
Nxd4 Qxd4 8. d3 Nf5 9. O-O Be7 10. Nc3 c6 11. Ne2 Qb6 12. d4 O-O 13. c5 Qa6 14.
Qc2 Rd8 15. Rd1 Bf6 16. Bf1 Qa5 17. Bd2 Qc7 18. Bf4 Qe7 19. Be5 Bd7 20. Bg2 Be8 21. Be4 g6 22. Bxf6 Qxf6 23. Bxf5 exf5 24. Qc3 b6 25. Rac1 Rab8 26. b3 Bd7 27. h4 Be6 28. cxb6 Rxb6 29. Nf4 Bd5 30. Re1 Rb7 31. Re5 Rbd7 32.
Rce1 Be4 33. f3 Bd5 34. Re8+ Kg7 35. Qc5 Rxe8 36. Rxe8 Qd6 37. Qxd6 Rxd6 38. Kf2 Rd7 39. Ke3 Kf6 40. Nd3 Rb7 41. Nc5 Re7+ 42. Rxe7 Kxe7 43.
a4 Kd6 44. b4 Kc7 45. g4 fxg4 46. fxg4 h6 47. g5 hxg5 48. hxg5 Kd6 49. Kf4 Bc4 50.
Ke4 Ba2 51. a5 Bb1+ 52. Ke3 Kd5 53. Nd7 Kc4 54. Ne5+ Kb5 0-1

[Event "Late-Titled-Tuesday-Blitz-February-20-2024"]
[Site "Chess.com"]
[Date "2024.02.20"]
[Round "7"]
[White "KorolDimitriy75"]
[Black "steepedgames"]
[Result "0-1"]
[WhiteElo "2416"]
[BlackElo "2564"]
[TimeControl "180+1"]
[EndTime "15:17:55 PST"]
[Termination "steepedgames won on time"]

1. d4 f5 2. c4 Nf6 3. Nf3 d6 4. b3 g6 5. Bb2 Bg7 6. g3 O-O 7. Bg2 Qe8 8. d5 h6 9. O-O g5 10. Nc3 Qh5 11. Nd4 Ng4 12. h3 Ne5 13. e4 Qxd1 14.
Rfxd1 f4 15. g4 f3 16. Bf1 Na6 17. Nf5 Bxf5 18. exf5 c6 19. Ne4 Rac8 20. Rab1 cxd5 21. Rxd5 Nb4 22. Ra5 a6 23. Bc3 Nec6 24. Ra4 Bxc3 25.
Nxc3 Rfd8 26. a3 Nc2 27. Nd5 Kf8 28. Rb2 N2d4 29. b4 Ne5 30. Rd2 Nb3 31. Rd1 Nxc4 32.
Bxc4 Rxc4 33. Nb6 Rc3 34. Nd5 Rc2 35. Ne3 Re2 36. b5 a5 37. b6 Rc8 38. Re4 Rc6 39. Re6 Rxb6 40. Rxh6 Nd2 41. Rg6 Ne4 42. h4 Nxf2 43. Rxg5 Nh3+ 44. Kh1 Rbb2 45. Nf1 Nxg5 46. hxg5 f2 47. Kg2 Re1 48. Rd3 Rbb1 49. Ng3 f1=Q+ 50. Nxf1 Rxf1 51. g6 Rg1+ 52. Kf3 Rbf1+ 53. Ke2 Rf4 54. Rb3 Rgxg4 55. Rxb7 Rxf5 56. Rb8+ Kg7 57. Re8 Re5+ 58. Kf3 Rxg6 59. Ra8 Rf6+ 0-1

[Event "Late-Titled-Tuesday-Blitz-February-20-2024"]
[Site "Chess.com"]
[Date "2024.02.20"]
[Round "7"]
[White "scandalgod"]
[Black "Yushko_Olga"]
[Result "1-0"]
[WhiteElo "2491"]
[BlackElo "2222"]
[TimeControl "180+1"]
[EndTime "15:17:55 PST"]
[Termination "scandalgod won on time"]

1. d4 e6 2. c4 Nf6 3. g3 d5 4.
Bg2 Be7 5. Nf3 O-O 6. O-O c6 7. Nbd2 b6 8. Qc2 Bb7 9. b3 Nbd7 10. Rd1 Re8 11. e4 dxe4 12. Nxe4 Nxe4 13. Qxe4 Nf6 14. Qc2 Qc7 15. Bf4 Bd6 16. Bg5 Be7 17. h4 h6 18. Bf4 Bd6 19. Ne5 c5 20. dxc5 bxc5 21. Bxb7 Bxe5 22. Bxa8 Bxf4 23. Qe4 Be5 24. Qc6 Qb8 25.
Bb7 Bxa1 26. Rxa1 Rd8 27. Re1 Rd2 28. a3 Ng4 29. Rf1 Qe5 30. Qe4 Qh5 31. Qf3 Qg6 32. Be4 Ne5 33. Qe3 f5 34. Qxd2 fxe4 35. Qe3 Nf3+ 36.
Kg2 Nxh4+ 37. Kh2 Nf3+ 38. Kg2 Nh4+ 39. Kh3 Nf3 40. Rh1 Qf5+ 41. Kg2 Qe5 42. Rd1 Kh7 43.
Qf4 Qxf4 44. gxf4 Nd4 45. b4 Nc2 46. Rd7 cxb4 47. axb4 Nxb4 48. Rxa7 Kg6 49. c5 Kf5 50. Rb7 1-0

[Event "Late-Titled-Tuesday-Blitz-February-20-2024"]
[Site "Chess.com"]
[Date "2024.02.20"]
[Round "7"]
[White "ImportedItalianMaple"]
[Black "Pachonpower"]
[Result "1-0"]
[WhiteElo "2508"]
[BlackElo "2316"]
[TimeControl "180+1"]
[EndTime "15:17:56 PST"]
[Termination "ImportedItalianMaple won by resignation"]

1. Nf3 Nf6 2. g3 g6 3. Bg2 Bg7 4. O-O O-O 5. d4 c5 6. dxc5 Nc6 7. c3 a5 8. Nbd2 e6 9. a4 Qe7 10. Nb3 Rd8 11. Bf4 e5 12. Be3 d5 13. cxd6 Rxd6 14.
Qc1 Qe6 15. Nc5 Qe7 16. Nd2 Bf5 17. Nc4 Rdd8 18. Nb6 Rab8 19. Rd1 Ng4 20. Rxd8+ Qxd8 21. Nd5 b6 22. Nd3 e4 23. h3 Qxd5 24. hxg4 Bxg4 25. Nf4 Qe5 26. Qd2 Rd8 27. Qc2 Bf5 28. Rd1 Rxd1+ 29. Qxd1 h6 30. Qd5 Qxd5 31. Nxd5 Ne5 32. Bxb6 Nc4 33. Bc7 Nxb2 34. Ne7+ Kh7 35. Nxf5 gxf5 36. Bxa5 Nxa4 37. c4 Bd4 38. e3 Bc5 39. g4 Kg6 40. gxf5+ Kxf5 41. Bh3+ Kg5 42. Kg2 f5 43. Kg3 Nb2 44.
Bf1 Bd6+ 45. Kg2 h5 46. Bc3 Na4 47. Bd4 Bc5 48. Be2 Bd6 49. Bd1 Nc5 50. Be2 h4 51.
f4+ exf3+ 52. Bxf3 Nd3 53. Bd5 Ne1+ 54. Kf2 Nd3+ 55.
Kf3 Nc5 56. Kg2 Nd3 57. Kh3 Nf2+ 58. Kg2 Nd3 59. Bb6 Bc5 60. Bd8+ Kg6 61. Kf3 Ne1+ 62. Ke2 Ng2 63. Bxg2 f4 64. exf4 Kf5 65. Kf3 Ke6 66.
Bh3+ Kf7 67. Bxh4 Bd6 68. Bf2 1-0

[Event "Late-Titled-Tuesday-Blitz-February-20-2024"]
[Site "Chess.com"]
[Date "2024.02.20"]
[Round "7"]
[White "Charodej1"]
[Black "NtcPou"]
[Result "1-0"]
[WhiteElo "2228"]
[BlackElo "2009"]
[TimeControl "180+1"]
[EndTime "15:17:56 PST"]
[Termination "Charodej1 won on time"]

1. e4 c6 2. Nc3 d5 3. Nf3 Bg4 4. h3 Bxf3 5. Qxf3 Nf6 6. Be2 dxe4 7. Nxe4 Nxe4 8. Qxe4 Qd5 9. Bf3 Qxe4+ 10. Bxe4 e5 11.
O-O Bc5 12. Kh1 O-O 13. f4 exf4 14. Rxf4 Re8 15. d3 Nd7 16. Bd2 Ne5 17. Raf1 f6 18. Bc3 Ng6 19. Rf5 Bb6 20. g3 Bc7 21. Kg2 Rad8 22. h4 Ne7 23. R5f3 Nd5 24. Bd2 Bb6 25.
h5 Bd4 26. c3 Be5 27. d4 Bc7 28. Bd3 b5 29. Ra1 Re7 30. a4 a6 31. axb5 axb5 32. h6 g6 33. Ra7 Rde8 34. Kf2 Bb6 35. Rxe7 Rxe7 36. g4 b4 37. Kf1 bxc3 38. bxc3 Ba5 39.
Bc4 Kf7 40. Bg5 Re6 41. Bf4 Ke7 42. g5 f5 43. Be5 Kd7 44. Bb3 Re8 45. c4 Nc3 46. Bc2 Ra8 47. d5 cxd5 48. Bxc3 Bxc3 49. Rxc3 d4 50. Rd3 Ke6 51. Rxd4 Ke5 52. Rd7 Rh8 53. c5 Kf4 54. c6 Kxg5 55. c7 Rc8 56. Ba4 Kxh6 57. Bc6 g5 58. Bb7 Rxc7 59. Rxc7 g4 60. Rc6+ Kg5 61. Rc7 h5 62. Kg2 f4 63. Rc5+ Kh4 64. Rc3 f3+ 65. Bxf3 1-0

[Event "Late-Titled-Tuesday-Blitz-February-20-2024"]
[Site "Chess.com"]
[Date "2024.02.20"]
[Round "7"]
[White "LuckyTiger"]
[Black "LeninGuerra"]
[Result "1-0"]
[WhiteElo "2777"]
[BlackElo "2577"]
[TimeControl "180+1"]
[EndTime "15:17:57 PST"]
[Termination "LuckyTiger won by resignation"]

1. e4 c5 2. Nf3 e6 3. d3 b6 4. g3 Bb7 5. Bg2 d6 6. O-O Nf6 7. Nc3 a6 8. a4 Qc7 9. d4 cxd4 10.
Nxd4 Nbd7 11. g4 h6 12. h4 g5 13. h5 Ne5 14. f3 d5 15. f4 Nexg4 16. e5 Nxe5 17.
fxe5 Qxe5 18. Re1 Ne4 19. Nxe4 dxe4 20. Be3 O-O-O 21. c3 Bd6 22. Qe2 f5 23. Qc4+ Kb8 24. Nc6+ Bxc6 25. Qxc6 Bc5 26. Bxc5 Qxc5+ 27. Qxc5 bxc5 28.
Rad1 Kc7 29. Kf2 Rb8 30. Re2 Rhd8 31. Rxd8 Kxd8 32. Rd2+ Ke7 33. Ke3 Kf6 34. Bf1 a5 35.
Bb5 Ke5 36. Rd7 f4+ 37. Ke2 Rg8 38. Re7 Kd6 39. Rd7+ Ke5 40. Re7 Kf6 41. Rh7 g4 42. Rxh6+ Kg5 43. Rxe6 g3 44. Rxe4 g2 45. Kf2 Kf5 46.
Re1 f3 47. Bc6 Kf4 48. Re4+ Kf5 49. Re1 Kf4 50. Bxf3 Rb8 51. Re4+ Kf5 52. Kxg2 Rxb2+ 53. Kg3 Rc2 54. c4 Ra2 55. Rh4 Ra1 56. h6 Rg1+ 57.
Bg2 1-0

[Event "Late-Titled-Tuesday-Blitz-February-20-2024"]
[Site "Chess.com"]
[Date "2024.02.20"]
[Round "7"]
[White "KetiTsatsalashvili"]
[Black "azikom"]
[Result "1/2-1/2"]
[WhiteElo "2450"]
[BlackElo "2642"]
[TimeControl "180+1"]
[EndTime "15:17:58 PST"]
[Termination "Game drawn by repetition"]

1. d4 d5 2. Nf3 Nf6 3. c4 e6 4. Nc3 c6 5. e3 Nbd7 6. b3 Bb4 7. Bd2 O-O 8. Bd3 a5 9. O-O Qe7 10. Ne5 Nxe5 11. dxe5 Nd7 12. f4 f5 13. cxd5 cxd5 14. Nb5 Nc5 15. Bxb4 axb4 16. Nd6 Bd7 17. Qd2 Bc6 18. Bc2 Na6 19. Rfc1 Rfd8 20. Bd3 Nc7 21. Qxb4 Ne8 22. Bb5 Bxb5 23. Qxb5 Nxd6 24. exd6 Rxd6 25. Rc2 d4 26. exd4 Rxd4 27. Rac1 Rad8 28. h3 h6 29. Rc7 Qh4 30. Qe5 Qg3 31. Rc8 Kh7 32. Rxd8 Rxd8 33. Qxe6 Qxf4 34. Rf1 Qd4+ 35. Kh1 f4 36.
Qf5+ Kh8 37. Qxf4 Qd3 38. Qf7 b5 39. a4 bxa4 40. bxa4 Ra8 41. Rf3 Qd1+ 42. Kh2 Qxa4 43. Qe7 Qd4 44. Rf8+ Rxf8 45. Qxf8+ Kh7 46. Qf3 Kh8 47.
Qg3 Qf6 48. Qb8+ Kh7 49. Qg3 Kh8 50. Qd3 Kg8 51. Qd5+ Kh8 52. Qa8+ Kh7 53. Qe4+ Kh8 54. Qa8+ Kh7 55. Qe4+ Kh8 56. Qe8+ Kh7 57. Qb5 Kh8 58. Qd3 Kg8 59. Qe4 Kh8 1/2-1/2

[Event "Late-Titled-Tuesday-Blitz-February-20-2024"]
[Site "Chess.com"]
[Date "2024.02.20"]
[Round "7"]
[White "otrov-11"]
[Black "Mikhal867"]
[Result "1-0"]
[WhiteElo "2603"]
[BlackElo "2430"]
[TimeControl "180+1"]
[EndTime "15:17:59 PST"]
[Termination "otrov-11 won on time"]

1. d4 Nf6 2. c4 g6 3. g3 Bg7 4. Bg2 O-O 5. Nc3 d6 6. Nf3 Nbd7 7. O-O e5 8. e4 c6 9. Re1 exd4 10. Nxd4 Nc5 11. h3 a5 12. Be3 Re8 13. f3 a4 14. Rc1 Qa5 15. Nc2 Rd8 16. Qd2 Be6 17. Bf1 d5 18. cxd5 cxd5 19. e5 Nh5 20. Bf2 d4 21. Nxd4 Qb4 22. g4 Ng3 23. Bb5 h5 24. Kg2 h4 25. a3 Qa5 26. Qg5 Rxd4 27.
Bxd4 Nb3 28. Bf2 Nxc1 29. Rxc1 Qd8 30. Qe3 Bb3 31. Ne2 Nxe2 32. Bxe2 Qe7 33. Rc5 b6 34. Rb5 Re8 35. f4 g5 36. fxg5 Bxe5 37. Bxh4 Bxb2 38.
Qxe7 Rxe7 39. Bd3 Rd7 40. Bf5 Rd2+ 41. Kf3 Bd1+ 42. Ke3 Re2+ 43. Kd3 Bxa3 44. Rxb6 Bc5 45. Rb8+ Kg7 46. g6 fxg6 47. Rb7+ Kf8 48. Bxg6 Re3+ 49. Kd2 Bb3 50. Bf2 Rd3+ 51. Kxd3 Bxf2 52. h4 Bxh4 53. Be4 Ba2 54. Ra7 Bb3 55. Ra8+ Kg7 56. Kd4 Bf6+ 57. Kc5 Be7+ 58. Kc6 a3 59. Bd5 Bxd5+ 60. Kxd5 1-0

[Event "Late-Titled-Tuesday-Blitz-February-20-2024"]
[Site "Chess.com"]
[Date "2024.02.20"]
[Round "7"]
[White "bocah_sakit"]
[Black "Thjop"]
[Result "0-1"]
[WhiteElo "2507"]
[BlackElo "2616"]
[TimeControl "180+1"]
[EndTime "15:18:00 PST"]
[Termination "Thjop won by checkmate"]

1. e4 e6 2. d4 d5 3. Nc3 Nf6 4.
e5 Nfd7 5. f4 c5 6. Nf3 Nc6 7.
Be3 cxd4 8. Nxd4 Qb6 9. Qd2 Qxb2 10. Rb1 Qa3 11. Bb5 Nxd4 12. Bxd4 a6 13. Bxd7+ Bxd7 14. Rb3 Qe7 15. Rxb7 Qh4+ 16. g3 Qd8 17. O-O Qc8 18.
Rfb1 Bc5 19. f5 Bb5 20. Nxb5 axb5 21. R7xb5 Bxd4+ 22. Qxd4 O-O 23. f6 Qxc2 24. R5b2 Qa4 25. Rb4 Qc2 26. Qg4 g6 27. R4b2 Qf5 28. Qxf5 gxf5 29.
Kg2 h6 30. h4 h5 31. Kf3 Kh7 32. Ra1 Ra4 33. Rb7 Kg6 34. Rab1 Rxa2 35. Rb8 Ra8 36. Rxf8 Rxf8 37. Rb7 Rd8 38. Ke3 d4+ 39. Kd3 Rd5 40. Rb8 Rxe5 41. Kxd4 Re4+ 42. Kd3 Kxf6 43. Rh8 Rg4 44.
Rxh5 Rxg3+ 45. Ke2 f4 46. Kf2 e5 47. Rh8 Kf5 48. h5 f6 49. h6 Kg6 50. Ke2 Kf5 51.
Kf2 Rh3 52. Kg2 Rh5 53. h7 Rh6 54. Kf2 e4 55. Kf1 f3 56. Kf2 Kf4 57. Kg1 e3 58.
Kf1 Rh1# 0-1

[Event "Late-Titled-Tuesday-Blitz-February-20-2024"]
[Site "Chess.com"]
[Date "2024.02.20"]
[Round "7"]
[White "Zkid"]
[Black "Polish_fighter3000"]
[Result "0-1"]
[WhiteElo "2928"]
[BlackElo "3067"]
[TimeControl "180+1"]
[EndTime "15:18:01 PST"]
[Termination "Polish_fighter3000 won by resignation"]

1. e4 e6 2. d4 d5 3. Nc3 dxe4 4. Nxe4 Bd7 5. Nf3 Bc6 6. Bd3 Nd7 7. O-O Ngf6 8. Qe2 Nxe4 9. Bxe4 Bxe4 10. Qxe4 c6 11. c4 Be7 12. b3 O-O 13. Bb2 a5 14. a3 Re8 15. Rad1 Bd6 16. Ne5 Nf6 17. Qc2 Qe7 18. a4 Red8 19. Rfe1 Ba3 20. Ba1 Bb4 21. Re3 h6 22. g3 Rd6 23. Nd3 Rad8 24. Nxb4 axb4 25. Red3 R6d7 26. Bb2 Ne8 27. Qd2 Nc7 28. Qe1 b5 29.
a5 bxc4 30. bxc4 Ra8 31. Ra1 Na6 32. Qe5 Qd6 33. Qxd6 Rxd6 34. Kf1 f6 35. f4 Kf7 36. Ke2 h5 37. Kd2 Ke7 38. Kc2 c5 39. Re1 Kd7 40. f5 exf5 41. d5 Nc7 42. Rde3 Re8 43. Bc1 Ra6 44. d6 Rxd6 45. Rxe8 Nxe8 46. Bf4 Ra6 47.
Ra1 g5 48. Be3 Kc6 49. h4 Nd6 50. Kd3 f4 51. gxf4 gxh4 52. Bf2 h3 53. Bh4 h2 54.
Bxf6 Rxa5 55. Rh1 Ra3+ 56. Ke2 Ne4 57. Bh4 b3 58. f5 b2 59. f6 Nd6 0-1

[Event "Late-Titled-Tuesday-Blitz-February-20-2024"]
[Site "Chess.com"]
[Date "2024.02.20"]
[Round "7"]
[White "only_strong_moves"]
[Black "czasnaszachy"]
[Result "1-0"]
[WhiteElo "2678"]
[BlackElo "2442"]
[TimeControl "180+1"]
[EndTime "15:18:01 PST"]
[Termination "only_strong_moves won on time"]

1. e4 e5 2. Nf3 Nc6 3. Bb5 a6 4.
Ba4 Bc5 5. O-O Nge7 6. c3 Ba7 7. d4 Ng6 8. Bg5 f6 9. Be3 O-O 10. Nbd2 d6 11. Re1 Kh8 12. Nf1 Qe7 13. Ng3 Nd8 14. Bb3 Ne6 15. Nf5 Qd8 16. h4 Ne7 17. Ng3 exd4 18. cxd4 c5 19. Rc1 b5 20. Bxe6 Bxe6 21.
dxc5 dxc5 22. Bxc5 Bxc5 23. Rxc5 Qxd1 24. Rxd1 Bxa2 25. Rd7 Ng6 26. h5 Nf4 27. Rcc7 Ne6 28. Rc6 Rfc8 29. Rcd6 Rd8 30. Nf5 Rxd7 31. Rxd7 h6 32. e5 Rf8 33. N5h4 Kh7 34. Ng6 Rd8 35. Re7 fxe5 36. Nfxe5 Bd5 37. Nd7 Kg8 38. Nb6 Bb3 39. Ra7 Bd1 40. f3 Nc5 41. b4 Nd3 42. Rxa6 Nxb4 43. Ra5 Be2 44. Kf2 Bc4 45. Ra7 Nd3+ 46. Kg3 Nc5 47. Rc7 Ne6 48. Rc6 Nd4 49. Rc7 Ne6 50.
Re7 Nc5 51. Nxc4 bxc4 52. Rc7 Ne6 53. Rxc4 Nf8 54. Nf4 Nd7 55. Rc7 Nf6 56. Ne6 Rd7 57.
Rc8+ Kh7 58. Nf8+ 1-0

[Event "Late-Titled-Tuesday-Blitz-February-20-2024"]
[Site "Chess.com"]
[Date "2024.02.20"]
[Round "7"]
[White "LiemLe"]
[Black "Duhless"]
[Result "1/2-1/2"]
[WhiteElo "3045"]
[BlackElo "3099"]
[TimeControl "180+1"]
[EndTime "15:18:02 PST"]
[Termination "Game drawn - insufficient material"]

1. Nf3 Nf6 2. c4 g6 3. Nc3 Bg7 4. e4 d6 5. d4 O-O 6. Be2 Re8 7. O-O Nc6 8. d5 Nb4 9. Be3 e6 10. a3 Na6 11. dxe6 Bxe6 12. Qc2 Nc5 13. Rad1 Qe7 14. b4 Ncd7 15. h3 a5 16. Rfe1 axb4 17. axb4 Nxe4 18. Nb5 c6 19. Qxe4 cxb5 20. cxb5 Bc3 21.
Bd2 Nf6 22. Qh4 Bxd2 23. Rxd2 d5 24. Bd3 Ra4 25. Rb2 Ne4 26. Qxe7 Rxe7 27. Bxe4 dxe4 28. Rxe4 Rc7 29. Rd2 Rc4 30. Rxc4 Bxc4 31. b6 Rxb4 32. Ne5 Be6 33. Rd6 Kg7 34. Nd3 Rb5 35. Nf4 Bc4 36. g4 h6 37. Kg2 Kf8 38. Rd4 Bb3 39. Kg3 Rxb6 40. h4 Kg7 41. h5 g5 42. Ng2 Be6 43. Ne3 Rb3 44. Rd6 b5 45. Rb6 b4 46.
Kf3 Rb2 47. Nf5+ Bxf5 48. gxf5 b3 49. f6+ Kh7 50. Rb7 Kg8 51. Rb8+ Kh7 52. Rf8 Rc2 53. Rxf7+ Kg8 54. Rb7 Rc6 55. Rxb3 Rxf6+ 56. Kg3 Kg7 57. f3 Rf7 58. Rb4 Rf6 59. f4 Rxf4 60. Rxf4 gxf4+ 61. Kxf4 Kf6 62. Kg4 Ke5 63. Kg3 Kf5 64. Kf3 Kg5 65.
Kg3 Kxh5 66. Kh3 Kg6 67. Kg3 h5 68. Kh3 h4 69. Kxh4 1/2-1/2

[Event "Late-Titled-Tuesday-Blitz-February-20-2024"]
[Site "Chess.com"]
[Date "2024.02.20"]
[Round "7"]
[White "David_George21"]
[Black "ozates"]
[Result "0-1"]
[WhiteElo "2399"]
[BlackElo "2604"]
[TimeControl "180+1"]
[EndTime "15:18:02 PST"]
[Termination "ozates won by resignation"]

1. e4 e5 2. Nf3 Nc6 3. Bb5 g6 4. O-O Bg7 5. c3 Nge7 6. d4 exd4 7. cxd4 a6 8. Bc4 O-O 9. Nc3 b5 10. Bb3 Na5 11. Bc2 d6 12. Re1 Bg4 13. Be3 Nc4 14. Rb1 Nxe3 15. Rxe3 c5 16. h3 Bxf3 17. Rxf3 cxd4 18.
Ne2 Nc6 19. Bb3 Rc8 20. Bd5 Ne5 21. Rg3 d3 22. Nf4 Rc2 23. Nxd3 Nxd3 24. Qxd3 Rxb2 25. Rxb2 Bxb2 26. Rf3 Kg7 27. Qb3 Bf6 28. g4 Qc7 29.
Kg2 Be5 30. Rd3 Qc1 31. Qa3 Qf4 32. Rg3 f6 33. Qxa6 Kh6 34. Qxb5 Rc8 35. Qd3 Rc3 36.
Qxc3 Bxc3 37. Rxc3 Qd2 38. Re3 Kg5 39. Rf3 h5 40. gxh5 Kxh5 41. Rg3 Kh6 42. Bf7 g5 43. Bd5 f5 44. Rf3 f4 45. Rb3 Qd1 46. Rb6 Kh5 47.
Bf7+ Kh4 48. Rb3 Qe2 49. Bd5 g4 50. hxg4 Qxg4+ 51. Kf1 f3 52. Rb2 Qg2+ 53. Ke1 Qg1+ 54. Kd2 Qxf2+ 55. Kc3 Qe3+ 56. Kb4 f2 57. Rb1 Qb6+ 0-1

[Event "Late-Titled-Tuesday-Blitz-February-20-2024"]
[Site "Chess.com"]
[Date "2024.02.20"]
[Round "7"]
[White "delqate"]
[Black "AsaHoffmann"]
[Result "1-0"]
[WhiteElo "2530"]
[BlackElo "2385"]
[TimeControl "180+1"]
[EndTime "15:18:03 PST"]
[Termination "delqate won by resignation"]

1. d4 Nf6 2. Bf4 c5 3. e3 b6 4. Nf3 Bb7 5. Nbd2 d6 6. c3 Nbd7 7. h3 g6 8. Bh2 Bg7 9. Bd3 O-O 10. O-O Re8 11. a4 a6 12. b4 e5 13. dxe5 dxe5 14.
e4 Rc8 15. b5 a5 16. Qe2 Qe7 17. Bc4 Nh5 18. Qe3 Qf8 19. Ng5 Bh6 20. Ndf3 Re7 21.
Qd2 Rd8 22. Qa2 Ndf6 23. Nxf7 Rxf7 24. Nxe5 Nxe4 25. Nxf7 Kg7 26. Nxd8 Qxd8 27. Be5+ Nhf6 28. Rad1 Qe7 29. Bxf6+ Nxf6 30. Qe2 Qc7 31. Qe6 Bf4 32. Rfe1 Bh2+ 33. Kh1 Qf4 34. Qe7+ Kh6 35. Qe3 Ne4 36.
Qxf4+ Bxf4 37. Kg1 Nxc3 38. Rd7 Be4 39. f3 Bc2 40.
Ree7 Kg5 41. Rxh7 Bxa4 42. h4+ Kf5 43. Rhf7+ Ke5 44. Rfe7+ Kf6 45. Rf7+ Ke5 46. Rde7+ Kd4 47. Rxf4+ Ne4 48. Rfxe4+ Kc3 49. Bf7 Bc2 50. Re2 Bd3 51. R2e3 a4 52. Bxg6 c4 53. Rc7 Kd4 54. Bxd3 cxd3 55.
Re8 a3 56. Rd8+ Ke3 57. Rcd7 a2 58. Rxd3+ Ke2 59. Rd1 Ke3 60. Ra1 Kf4 61. Rxa2 Kg3 62. Rg8+ Kxh4 63. Ra7 1-0

[Event "Late-Titled-Tuesday-Blitz-February-20-2024"]
[Site "Chess.com"]
[Date "2024.02.20"]
[Round "7"]
[White "MathiasWomacka"]
[Black "carloseduar100"]
[Result "0-1"]
[WhiteElo "2503"]
[BlackElo "2386"]
[TimeControl "180+1"]
[EndTime "15:18:05 PST"]
[Termination "carloseduar100 won on time"]

1. e4 e6 2. d4 d5 3. Nd2 c5 4. exd5 Qxd5 5. Ngf3 cxd4 6. Bc4 Qd7 7. O-O Nc6 8. Nb3 Nf6 9. Nbxd4 Nxd4 10. Nxd4 a6 11.
Bf4 Bd6 12. Nxe6 Bxf4 13. Nxf4 O-O 14. Qxd7 Bxd7 15. Nd5 Nxd5 16. Bxd5 Rac8 17. c3 Bc6 18. Rad1 Bxd5 19. Rxd5 Rfe8 20. Rfd1 h6 21. Kf1 Rc6 22. Rd8 Rxd8 23. Rxd8+ Kh7 24. Rd7 Rb6 25. b3 Kg6 26. c4 Kf6 27. Ke2 Ke6 28. Rd8 Rc6 29. Kd3 g6 30. b4 h5 31. c5 Ke7 32. Rb8 Rc7 33.
Kc4 Kd7 34. a4 Ke7 35. b5 axb5+ 36. axb5 Rd7 37. b6 Ke6 38. c6 bxc6 39. Kc5 Rd2 40. b7 Rc2+ 41. Kb6 Kd7 42. Rd8+ Kxd8 43. b8=Q+ Ke7 44.
Qe5+ Kf8 45. Qd4 Kg8 46. h4 c5 47. Qf4 Kg7 48. Kb5 Kg8 49. Ka4 c4 50. Kb4 Kg7 51. g3 Kg8 52. f3 Kg7 53. Qe4 Rg2 54. g4 hxg4 55. fxg4 Kg8 0-1

[Event "Late-Titled-Tuesday-Blitz-February-20-2024"]
[Site "Chess.com"]
[Date "2024.02.20"]
[Round "7"]
[White "vugarrasulov"]
[Black "yaguigor"]
[Result "1-0"]
[WhiteElo "2932"]
[BlackElo "2635"]
[TimeControl "180+1"]
[EndTime "15:18:06 PST"]
[Termination "vugarrasulov won on time"]

1. b3 d5 2. Bb2 Bg4 3. Nf3 Nd7 4. e3 c6 5. Be2 e6 6. h3 Bh5 7. c4 Ngf6 8. O-O Be7 9. Nc3 O-O 10.
d4 h6 11. Rc1 Re8 12. Ne5 Bxe2 13. Nxe2 Ne4 14. Nd3 f5 15. f3 Nd6 16. Nef4 Bf6 17.
Ne5 Nf7 18. Nxf7 Kxf7 19. e4 Bg5 20. Qd2 dxc4 21. bxc4 Ne5 22. d5 exd5 23. cxd5 Ng6 24.
g3 fxe4 25. fxe4 Bxf4 26. gxf4 Rxe4 27. f5 Ne5 28. f6 Qxd5 29. Qxd5+ cxd5 30. Rc7+ Ke6 31. Re7+ Kd6 32. Ba3+ Kc6 33. fxg7 Re3 34. Rf8 Rg3+ 35.
Kf1 Rf3+ 36. Ke2 Rfxf8 37. gxf8=Q Rxf8 38. Re6+ Kd7 39. Rxe5 Rf4 40. Rxd5+ Kc6 41. Rd6+ Kc7 42. Rxh6 Ra4 43. Bd6+ Kd7 44. a3 Ra6 45. Bf8 Ra5 46.
h4 Re5+ 47. Kd3 Rf5 48. Bb4 a5 49. Bc3 Rf4 50. Bxa5 Rf3+ 51. Kc4 Rxa3 52. Bb4 Rh3 53. h5 Rh4+ 54. Kb5 Ke8 55. Rh7 Kd8 56. h6 Kc8 57. Bd2 1-0